 Dungeon Crawl Stone Soup version 0.24.0-124-g2791043dd8 (webtiles) character file.

Game seed: 5151253398249126709, levelgen mode: deterministic

219 Krapule the Shield-Bearer (level 5, -1/47 HPs)
             Began as a Minotaur Fighter on Feb 14, 2020.
             Slain by Harunobu's ghost (6 damage)
             ... on level 2 of the Dungeon.
             The game lasted 00:05:52 (2114 turns).

Krapule the Shield-Bearer (Minotaur Fighter)        Turns: 2114, Time: 00:05:53

Health: -1/47      AC:  7    Str: 20    XL:     5   Next: 63%
Magic:  4/4        EV:  8    Int:  6    God:
Gold:   182        SH:  9    Dex: 10    Spells: 4/4 levels left

rFire    . . .     SeeInvis .   a - +0 flail
rCold    . . .     Gourm    .   c - +0 shield
rNeg     . . .     Faith    .   b - +0 scale mail
rPois    .         Spirit   .   (helmet restricted)
rElec    .         Reflect  .   (no cloak)
rCorr    .         Harm     .   (no gloves)
MR       .....                  (no boots)
Stlth    ..........             (no amulet)
HPRegen  0.15/turn              (no ring)
MPRegen  0.09/turn              (no ring)

@: no status effects
A: retaliatory headbutt, horns 2
a: no special abilities


You were on level 2 of the Dungeon.
You were not hungry.

You visited 1 branch of the dungeon, and saw 3 of its levels.

You collected 182 gold pieces.

Inventory:

Hand Weapons
 a - a +0 flail (weapon)
Armour
 b - a +0 scale mail (worn)
 c - a +0 shield (worn)
Jewellery
 j - an uncursed ring of magical power {unknown}
Scrolls
 e - 3 scrolls of identify {unknown}
 h - a scroll of fear {unknown}
 l - a scroll of blinking {unknown}
 m - 2 scrolls of fog {unknown}
 n - a scroll of random uselessness {unknown}
 p - a scroll of remove curse {unknown}
 q - a scroll of magic mapping {unknown}
 s - 2 scrolls of enchant armour {unknown}
 v - a scroll of amnesia {unknown}
Potions
 d - a potion of might
 g - a potion of brilliance {unknown}
 i - 3 potions of curing {unknown}
 k - a potion of invisibility {unknown}
 o - a potion of ambrosia {unknown}
 t - a potion of flight {unknown}
 u - a potion of degeneration {unknown}
Comestibles
 f - 8 rations


   Skills:
 + Level 4.7 Fighting
 + Level 3.7 Maces & Flails
 + Level 4.7 Armour
 + Level 2.4 Dodging
 + Level 4.8 Shields


You had 4 spell levels left.
You didn't know any spells.
Your spell library contained the following spells:

 Spells                   Type           Power        Failure   Level  Hunger
 Corona                   Hex            #......      99%         1    ##.....
 Ensorcelled Hibernation  Hex/Ice        #.....       100%        2    ###....
 Confuse                  Hex            #.......     100%        3    ####...
 Dazzling Spray           Conj/Hex       #.....       100%        3    ####...
 Tukima's Dance           Hex            #.......     100%        3    ####...


Dungeon Overview and Level Annotations

Branches:
Dungeon (3/15)

Altars:
Fedhas

Annotations:
D:2 Harunobu's ghost, weakling DsFi


Innate Abilities, Weirdness & Mutations

You reflexively headbutt those who attack you in melee.
You have a pair of horns on your head.


Message History

You are too injured to fight recklessly!
You are too injured to fight recklessly!
You are too injured to fight recklessly!
You closely miss Harunobu's ghost.
Harunobu's ghost is moderately damaged.
Harunobu's ghost barely misses you.
Your shield prevents you from hitting Harunobu's ghost.
Harunobu's ghost is moderately damaged.
You block Harunobu's ghost's attack.
You hit Harunobu's ghost but do no damage.
Harunobu's ghost is moderately damaged.
Harunobu's ghost hits you.
You are electrocuted!
* * * LOW HITPOINT WARNING * * *
Harunobu's ghost whispers, "It is all a dream - a grotesque and foolish dream."
There is a stone staircase leading up here.
Harunobu's ghost hits you but does no damage.
You climb upwards.
There is a stone staircase leading down here.
Harunobu's ghost hits you.
You die...

.......# .......# #######
.......# #.....# .......# #.....#
......#### #.....# .........#
#.....##
.......#.####......#######
...........##....W.......# ###
+#####..........@>##.....# ≈≈###
#≈≈≈≈#.......#######.##### ##≈#..
#≈...#.......##### #.# ##≈≈#.#
#≈...#...........###.######≈≈≈#.#
#≈...###..#........≈.....#≈≈≈≈###
#≈...###....≈≈≈≈≈.≈≈≈≈≈≈≈≈≈≈≈≈#
#####'.....≈≈≈≈.≈≈≈≈≈≈≈≈≈≈≈≈≈≈#
#.......≈≈≈≈≈≈≈≈.≈.≈≈≈≈≈.≈≈≈≈##
#....)..#≈≈≈≈≈≈≈≈≈≈≈≈.≈≈≈.≈...##


You could see Harunobu's ghost.

Vanquished Creatures
  A worker ant zombie (D:3)
  9 adders
  3 gnolls (D:2)
  An ooze (D:1)
  3 worms
  3 dart slugs
  2 leopard geckos
  An orc (D:3)
  9 bats
  4 giant cockroaches
  11 goblins
  4 hobgoblins
  7 jackals (D:2)
  7 kobolds
  2 frilled lizards
  15 rats
82 creatures vanquished.

Notes
Turn   | Place    | Note
-------+----------+-------------------------------------------
     0 | D:1      | Krapule the Minotaur Fighter began the quest for the Orb.
     0 | D:1      | Reached XP level 1. HP: 19/19 MP: 0/0
    38 | D:1      | Reached XP level 2. HP: 20/27 MP: 1/1
   184 | D:1      | Reached skill level 1 in Dodging
   526 | D:1      | Reached XP level 3. HP: 33/33 MP: 2/2
   531 | D:1      | Found a blossoming altar of Fedhas.
   802 | D:2      | Found a blossoming altar of Fedhas.
   811 | D:2      | Reached XP level 4. HP: 25/40 MP: 3/3
  1446 | D:2      | Reached XP level 5. HP: 44/47 MP: 4/4
  2085 | D:3      | Found a runed translucent door.
  2088 | D:3      | Noticed Harunobu's ghost (weakling DsFi)
  2114 | D:2      | Slain by Harunobu's ghost

Levels and vault maps discovered:
D:1:      mrwooster_arrival_statue, layout_loops_ring, kennysheep_flooded_box
D:2:      layout_rooms, serial_rivers, chequers_serial_rivers_micro_e,
          chequers_serial_rivers_room_a, chequers_serial_rivers_large_a,
          chequers_serial_rivers_micro_b, fedhas_altar_2
D:3:      layout_basic, ebering_ghost_sewer_d

Skill      XL: |  1  2  3  4 |
---------------+-------------+-----
Dodging        | 1 2 |  2.4
Shields        | 4 |  4.8
Fighting       | 4 |  4.7
Armour         | 4 |  4.7
Maces & Flails | 3 |  3.7

Action                   |  1- 3 |  4- 6 || total
-------------------------+-------+-------++-------
Melee: Flail             |    88 |   142 ||   230
       Headbutt          |     9 |    17 ||    26
  Eat: Chunk             |       |     4 ||     4
Armor: Scale mail        |    26 |    56 ||    82
Dodge: Dodged            |    27 |    53 ||    80
Block: Shield            |    49 |    81 ||   130
